 Dungeon Crawl Stone Soup version 0.23-a0-436-g57debff (webtiles) character file.

247081 XanderDroid the Warrior (level 19, -7/128 HPs)
             Began as a Gargoyle Fighter on Nov 14, 2018.
             Was the Champion of Makhleb.
             Killed from afar by a battlesphere (10 damage)
             ... created by a tengu reaver
             ... on level 1 of the Vaults on Nov 16, 2018.
             The game lasted 03:16:42 (42170 turns).

XanderDroid the Warrior (Gargoyle Fighter)         Turns: 42170, Time: 03:16:43

Health: -7/128     AC: 37    Str: 23    XL:     19   Next: 52%
Magic:  28/28      EV: 12    Int: 14    God:    Makhleb [******]
Gold:   1549       SH: 16    Dex: 12    Spells: 18/18 levels left

rFire    + . .     SeeInvis +   a - +4 morningstar (freeze)
rCold    + . .     Gourm    +   I - +2 shield {reflect}
rNeg     + . .     Faith    .   C - +2 plate armour {rF+}
rPois    ∞         Spirit   .   F - +1 helmet {Int+3}
rElec    +         Reflect  +   v - +2 cloak
rCorr    .         Harm     .   N - +2 pair of gloves
MR       +....                  O - +0 pair of boots
Stlth    ..........             D - amulet of the gourmand
HPRegen  0.31/turn              M - ring of protection from cold
MPRegen  0.21/turn              p - ring of see invisible

@: about to teleport, corroded
A: big wings, negative energy resistance 1, electricity resistance, unbreathing,
petrification resistance, rot immunity, AC +14
}: 2/15 runes: serpentine, barnacled
a: Fly, Minor Destruction, Lesser Servant of Makhleb, Major Destruction, Greater
Servant of Makhleb, Renounce Religion


You were on level 1 of the Vaults.
You worshipped Makhleb.
Makhleb was exalted by your worship.
You were very full.

You visited 7 branches of the dungeon, and saw 33 of its levels.

You collected 3233 gold pieces.
You spent 1684 gold pieces at shops.

Inventory:

Hand Weapons
 a - a +4 morningstar of freezing (weapon)
 b - a +0 hand crossbow
Missiles
 i - 431 bolts
 x - 13 throwing nets (quivered)
Armour
 v - a +2 cloak (worn)
 C - a +2 plate armour of fire resistance (worn)
 F - a +1 helmet of intelligence (worn)
 I - a +2 shield of reflection (worn)
 N - a +2 pair of gloves (worn)
 O - a +0 pair of boots (worn)
Jewellery
 j - an uncursed ring of protection from fire
 p - a ring of see invisible (right hand)
 A - an uncursed ring of resist corrosion
 D - an amulet of the gourmand (around neck)
 M - a ring of protection from cold (left hand)
Wands
 o - a wand of iceblast (22)
 q - a wand of digging (9)
 s - a wand of paralysis (16)
 u - a wand of flame (73)
Scrolls
 d - 2 scrolls of silence
 e - 8 scrolls of magic mapping
 g - 6 scrolls of blinking
 h - 7 scrolls of enchant weapon
 k - 13 scrolls of remove curse
 r - 6 scrolls of teleportation
 y - 5 scrolls of identify
 E - 4 scrolls of enchant armour
 G - a scroll of acquirement
 J - 2 scrolls of holy word
Potions
 c - 2 potions of might
 l - 4 potions of cancellation
 m - 5 potions of agility
 n - 3 potions of ambrosia
 t - 2 potions of heal wounds
 w - 10 potions of curing
 z - a potion of resistance
 B - 6 potions of mutation
 H - 7 potions of haste
 K - 4 potions of invisibility
Comestibles
 f - 56 rations
 L - 7 chunks of flesh


   Skills:
 * Level 17.3 Fighting
 + Level 16.8 Maces & Flails
 + Level 4.1 Crossbows
 + Level 16.5 Armour
 + Level 9.0 Dodging
 - Level 15.0 Shields
 - Level 12.0 Invocations


You had 18 spell levels left.
You didn't know any spells.
Your spell library contained the following spells:

 Spells                   Type           Power        Failure   Level  Hunger
 Animate Skeleton         Necr           N/A          91%         1    ##.....
 Apportation              Tloc           #.....       91%         1    ##.....
 Confusing Touch          Hex            #.....       91%         1    ##.....
 Corona                   Hex            #......      91%         1    ##.....
 Magic Dart               Conj           #...         91%         1    ##.....
 Shock                    Conj/Air       #...         91%         1    ##.....
 Summon Butterflies       Summ           #.......     91%         1    ##.....
 Summon Small Mammal      Summ           #...         91%         1    ##.....
 Blink                    Tloc           N/A          97%         2    ###....
 Call Imp                 Summ           #.......     97%         2    ###....
 Ensorcelled Hibernation  Hex/Ice        #.....       97%         2    ###....
 Shroud of Golubria       Chrm/Tloc      #.........   97%         2    ###....
 Slow                     Hex            #.......     97%         2    ###....
 Swiftness                Chrm/Air       #.......     97%         2    ###....
 Confuse                  Hex            #.......     100%        3    ####...
 Conjure Flame            Conj/Fire      #.......     100%        3    ####...
 Dazzling Spray           Conj/Hex       #.....       100%        3    ####...
 Gell's Gravitas          Tloc           #.........   100%        3    ####...
 Lesser Beckoning         Tloc           #.........   100%        3    ####...
 Mephitic Cloud           Conj/Pois/Air  #.......     100%        3    ####...
 Static Discharge         Conj/Air       #.......     100%        3    ####...
 Teleport Other           Tloc           #.......     100%        3    ####...
 Tukima's Dance           Hex            #.......     100%        3    ####...
 Airstrike                Air            #.........   100%        4    #####..
 Leda's Liquefaction      Hex/Erth       #.........   100%        4    #####..
 Passage of Golubria      Tloc           N/A          100%        4    #####..
 Petrify                  Tmut/Erth      #.......     100%        4    #####..
 Alistair's Intoxication  Tmut/Pois      #.......     100%        5    ######.
 Bolt of Magma            Conj/Fire/Erth #.........   100%        5    ######.
 Iskenderun's Battlesphe  Conj/Chrm      #.......     100%        5    ######.
 Lightning Bolt           Conj/Air       #.........   100%        5    ######.
 Metabolic Englaciation   Hex/Ice        #.........   100%        5    ######.
 Venom Bolt               Conj/Pois      #.........   100%        5    ######.
 Yara's Violent Unravell  Hex/Tmut       #.........   100%        5    ######.
 Invisibility             Hex            #.......     100%        6    #######
 Iron Shot                Conj/Erth      #.........   100%        6    #######
 Orb of Destruction       Conj           #.........   100%        7    #######
 Spellforged Servitor     Conj/Summ      #.........   100%        7    #######
 Shatter                  Erth           #.........   100%        9    #######
 Statue Form              Tmut/Erth      Unusable     N/A         6    N/A

Dungeon Overview and Level Annotations

Branches:
Dungeon (15/15)            Temple (1/1) D:7            Lair (6/6) D:8
 Shoals (4/4) Lair:4        Snake (4/4) Lair:2        Slime (0/5) Lair:6
    Orc (2/2) D:12            Elf (0/3) Orc:2        Vaults (1/5) D:13
 Depths (0/5) D:15

Altars:
Ashenzari
Cheibriados
Dithmenos
Elyvilon
Fedhas
Gozag
Hepliaklqana
Kikubaaqudgha
Makhleb
Nemelex Xobeh
Okawaru
Qazlal
Ru
Sif Muna
Trog
Uskayaw
Vehumet
Wu Jian
Xom
Yredelemnul
Zin
The Shining One

Shops:
Orc:1 ?   Orc:2 (!((   Shoals:1 %!}!   Snake:4 *

Portals:
Hell: Lair:6


Innate Abilities, Weirdness & Mutations

You are resistant to torment.
Your stone body is resilient. (AC +14)
You are immune to poison.
Your large and strong wings let you fly indefinitely.
You resist negative energy. (rN+)
You are resistant to electric shocks. (rElec)
You can survive without breathing.
You are immune to petrification.
You are immune to rotting.


Message History

You feel better.
You block the spriggan defender's attack.
The tengu reaver points at you and mumbles some strange words.
The bolt of acid hits you!
* * * LOW HITPOINT WARNING * * *
The acid corrodes you!
You are splashed with acid!
The acid burns!
* * * LOW HITPOINT WARNING * * *
The battlesphere fires!
The barrage of energy hits you!
You feel much better.
The spriggan defender hits you with a +1 flail of protection.
* * * LOW HITPOINT WARNING * * *
The white draconian knight misses you.
You block the spriggan defender's attack.
The tengu reaver gestures at you while chanting.
The bolt of acid hits you!
* * * LOW HITPOINT WARNING * * *
You are splashed with acid!
The acid burns!
* * * LOW HITPOINT WARNING * * *
The battlesphere fires!
The barrage of energy hits you!
You die...

#......#
####.####
#......#
##.##
#......#
#...#
########
#...#
##'######
#.*.....#
#.......#
#..)....#
Z.#..))@..#
...'...qiQ.#
....#.......#
....#.......#
... #.......#
... #######'#
.. ... .###


You could see a white draconian knight (invisible), a tengu reaver, a spriggan
defender and a battlesphere.

Vanquished Creatures
  Rupert (Vaults:1)
  2 krakens
  Kirke (Snake:2)
  7 nagarajas
  2 ironheart preservers (Vaults:1)
  A stone giant (Shoals:1)
  A vampire knight (Vaults:1)
  A dire elephant (Lair:6)
  3 merfolk javelineers
  6 merfolk impalers
  Josephine (D:14)
  Fannar (Orc:1)
  9 naga warriors
  Harold (D:10)
  9 anacondas
  7 hydras
  3 centaur warriors
  3 merfolk avatars
  5 merfolk aquamancers (Shoals:4)
  7 ogre magi
  32 two-headed ogres
  A death knight (Vaults:1)
  The ghost of Noname the Archer, a novice CeHu of Ru (D:10)
  The ghost of Noebliem the Thaumaturge, a journeyman DECj of Vehumet (D:12)
  A deep troll shaman (Vaults:1)
  5 death yaks
  2 tengu warriors (D:15)
  Nergalle (D:12)
  15 shock serpents
  13 naga sharpshooters
  A fire crab (shapeshifter) (D:15)
  A skeletal warrior (D:13)
  A sixfirhy (Lair:6)
  4 salamander mystics
  A shadow wraith (Vaults:1)
  7 sea snakes
  A glowing orange brain (D:15)
  3 unseen horrors
  3 deep trolls (Vaults:1)
  8 naga ritualists (Snake:4)
  2 wizards
  An ironbrand convoker (Vaults:1)
  4 lindwurms (Lair:4)
  Pikel (D:8)
  A flayed ghost (Vaults:1)
  A deep elf archer (D:13)
  An orc sorcerer (Orc:2)
  A necromancer (Vaults:1)
  3 orc knights
  2 deep elf magi (D:13)
  23 harpies
  4 ugly things
  15 manticores
  8 fauns
  A human zombie (Vaults:1)
  4 salamanders
  An oklob plant (Shoals:2)
  2 mana vipers
  10 cyclopes
  22 elephants
  19 black mambas
  A vault sentinel (Vaults:1)
  A salamander (shapeshifter) (D:15)
  6 water nymphs
  11 spiny frogs
  4 merfolk sirens
  Joseph (D:7)
  4 guardian serpents
  A torpor snail (Lair:1)
  3 gargoyles
  An orange demon (Lair:6)
  7 naga magi
  An efreet (D:14)
  A redback zombie (D:15)
  3 ice devils (Lair:6)
  3 rime drakes
  A hellwing (Lair:6)
  4 tengu conjurers
  8 komodo dragons
  37 merfolk
  A red devil (Lair:6)
  A jumping spider (shapeshifter) (D:15)
  8 trolls
  6 wind drakes
  A polar bear (shapeshifter) (D:15)
  20 slime creatures
  A hornet (D:15)
  The ghost of derval the Poker, an amateur MfSk (D:3)
  7 blink frogs
  Prince Ribbit (D:7)
  A meliai zombie (D:11)
  5 snapping turtles
  14 hippogriffs
  2 vampires
  A shadow (D:11)
  5 wyverns
  59 yaks
  10 wraiths
  10 water elementals
  A hungry ghost (D:9)
  A steam dragon (D:11)
  2 hogs (Snake:1)
  4 basilisks
  2 ogre zombies (Vaults:1)
  12 vampire mosquitoes
  5 wargs
  11 water moccasins
  57 nagas
  An acid dragon (D:12)
  5 hell hounds (Lair:6)
  6 porcupines
  19 orc warriors
  2 slaves (D:8)
  3 black bears
  6 ice beasts
  4 sky beasts
  40 ogres
  An eye of draining (D:13)
  3 boggarts (D:15)
  21 centaurs
  4 wolves (Lair:6)
  8 crocodiles
  A big kobold (shapeshifter) (D:15)
  19 bullfrogs
  8 big kobolds
  2 gnoll sergeants (D:12)
  A wyvern zombie (D:14)
  4 scorpions
  3 wyvern skeletons
  8 killer bees
  10 wights
  2 electric eels (Lair:5)
  11 howler monkeys
  6 crimson imps
  3 centaur zombies
  4 bullfrog zombies
  3 jellies
  Crazy Yiuf (D:4)
  12 orc priests
  10 centaur skeletons
  7 hounds
  21 orc wizards
  2 bullfrog skeletons
  12 iguanas
  15 worker ants
  A killer bee zombie (D:7)
  A hound zombie (D:5)
  3 hound skeletons
  2 worker ant zombies
  A howler monkey skeleton (D:10)
  6 gnolls
  12 adders
  3 shadow imps
  2 adder zombies (D:5)
  2 adder skeletons
  3 worms
  3 dart slugs
  5 leopard geckos
  82 orcs
  A ball python (D:4)
  3 bats
  6 giant cockroaches
  9 goblins
  7 hobgoblins
  16 jackals
  12 kobolds
  3 quokkas
  3 frilled lizards
  A leopard gecko skeleton (D:8)
  5 rats
  A bush (D:7)
  3 fungi
  11 plants
  5 tentacles (Shoals:3)
1146 creatures vanquished.

Vanquished Creatures (collateral kills)
  A naga ritualist (Snake:4)
1 creature vanquished.

Vanquished Creatures (others)
  2 merfolk javelineers (Shoals:4)
  An ogre mage (D:13)
  3 naga sharpshooters (Snake:1)
  A wizard (D:6)
  2 cyclopes (Shoals:1)
  A naga mage (Snake:4)
  A human (Snake:2)
  A naga (Snake:1)
  A slave (D:8)
  2 centaurs
  A boggart (D:15)
  An orc (Orc:2)
  A giant cockroach (D:8)
  A bush (Lair:5)
  6 fungi
  A plant (Lair:2)
  26 tentacles
52 creatures vanquished.

Grand Total: 1199 creatures vanquished

Notes
Turn   | Place    | Note
-------+----------+-------------------------------------------
     0 | D:1      | XanderDroid the Gargoyle Fighter began the quest for the
                  | Orb.
     0 | D:1      | Reached XP level 1. HP: 14/14 MP: 1/1
   198 | D:1      | Reached XP level 2. HP: 16/19 MP: 2/2
   334 | D:1      | Reached XP level 3. HP: 8/23 MP: 3/3
  1395 | D:2      | Reached XP level 4. HP: 21/29 MP: 4/4
  1598 | D:2      | Found a bloodstained altar of Trog.
  2365 | D:2      | Reached skill level 4 in Fighting
  2365 | D:2      | Reached XP level 5. HP: 14/33 MP: 5/5
  2957 | D:3      | Found a snail-covered altar of Cheibriados.
  2958 | D:3      | Found an opulent altar of Gozag.
  3332 | D:3      | Found a runed gate.
  3332 | D:3      | Found a runed gate.
  3332 | D:3      | Found a runed gate.
  3338 | D:3      | Noticed derval's ghost (amateur MfSk)
  3522 | D:3      | Reached XP level 6. HP: 34/39 MP: 6/6
  3868 | D:4      | Found a runed door.
  4148 | D:4      | Reached XP level 7. HP: 31/44 MP: 7/7
  4404 | D:4      | Reached skill level 5 in Maces & Flails
  4540 | D:4      | Noticed Crazy Yiuf
  4549 | D:4      | Killed Crazy Yiuf
  4576 | D:5      | Entered Level 5 of the Dungeon
  4725 | D:5      | Reached skill level 5 in Shields
  4731 | D:5      | Reached skill level 5 in Fighting
  4731 | D:5      | Reached skill level 5 in Armour
  5340 | D:5      | Reached XP level 8. HP: 49/49 MP: 8/8
  5801 | D:5      | Upgraded the game from 0.23-a0-422-g30b1108 to
                  | 0.23-a0-435-g79ed067
  6094 | D:6      | Found a bloodstained altar of Trog.
  6097 | D:6      | Noticed a wizard
  6103 | D:6      | Killed a wizard
  6182 | D:6      | Found a burning altar of Makhleb.
  6185 | D:6      | Became a worshipper of Makhleb the Destroyer
  6260 | D:6      | Noticed a two-headed ogre
  6289 | D:6      | Killed a two-headed ogre
  6289 | D:6      | Reached skill level 6 in Fighting
  6289 | D:6      | Reached XP level 9. HP: 9/56 MP: 8/10
  6559 | D:6      | Found a hazy altar of Hepliaklqana.
  7105 | D:6      | Found an iron altar of Okawaru.
  7584 | D:7      | Found a staircase to the Ecumenical Temple.
  7623 | Temple   | Entered the Ecumenical Temple
  7722 | D:7      | Noticed Joseph
  7743 | D:7      | Killed Joseph
  8051 | D:7      | Noticed Prince Ribbit
  8075 | D:7      | Killed Prince Ribbit
  8075 | D:7      | Reached skill level 7 in Fighting
  8131 | D:7      | Found a blossoming altar of Fedhas.
  8509 | D:8      | Reached XP level 10. HP: 63/63 MP: 13/13
  8591 | D:8      | Found a stormy altar of Qazlal.
  8660 | D:8      | Reached * piety under Makhleb
  9207 | D:8      | Noticed Pikel
  9240 | D:8      | Killed Pikel
  9450 | D:8      | Reached skill level 5 in Invocations
  9463 | D:8      | Found a staircase to the Lair.
  9778 | D:9      | Found a sparkling altar of Nemelex Xobeh.
  9780 | D:9      | Found a shimmering altar of Xom.
  9982 | D:9      | Reached ** piety under Makhleb
 10153 | D:9      | Reached skill level 8 in Fighting
 10166 | D:9      | Found Zin's Purification Station.
 10226 | D:9      | Found a glowing silver altar of Zin.
 10233 | D:9      | Bought a potion of curing for 90 gold pieces
 10756 | D:9      | Found a shadowy altar of Dithmenos.
 11083 | D:10     | Entered Level 10 of the Dungeon
 11094 | D:10     | Noticed a gargoyle
 11115 | D:10     | Killed a gargoyle
 11115 | D:10     | Reached skill level 10 in Maces & Flails
 11192 | D:10     | Reached XP level 11. HP: 60/68 MP: 15/15
 11438 | D:10     | Found a runed door.
 11438 | D:10     | Noticed Noname's ghost (novice CeHu)
 11775 | D:10     | Noticed a two-headed ogre
 11789 | D:10     | Killed a two-headed ogre
 12750 | D:3      | Killed derval's ghost
 13061 | D:11     | Noticed a cyclops
 13072 | D:11     | Reached *** piety under Makhleb
 13079 | D:11     | Noticed Harold
 13121 | D:10     | Killed Harold
 13177 | D:11     | Killed a cyclops
 13177 | D:11     | Reached skill level 9 in Fighting
 13625 | D:11     | Noticed a two-headed ogre
 13639 | D:11     | Killed a two-headed ogre
 13760 | D:11     | Got a crude scale mail
 13771 | D:11     | Identified the +5 scale mail "Waunet" {rF- rC+ MR+} (You
                  | found it on level 11 of the Dungeon)
 13797 | D:11     | Noticed a cyclops
 13808 | D:11     | Killed a cyclops
 13808 | D:11     | Reached XP level 12. HP: 76/76 MP: 17/17
 13930 | D:11     | Reached **** piety under Makhleb
 14837 | D:12     | Found a runed gate.
 14837 | D:12     | Found a runed gate.
 14837 | D:12     | Found a runed gate.
 14837 | D:12     | Noticed Noebliem's ghost (journeyman DECj)
 15053 | D:12     | Reached skill level 10 in Armour
 15256 | D:12     | Reached skill level 10 in Shields
 15476 | D:12     | Reached skill level 10 in Fighting
 15644 | D:12     | Reached ***** piety under Makhleb
 15648 | D:12     | Found a staircase to the Orcish Mines.
 16293 | Lair:1   | Entered Level 1 of the Lair of Beasts
 16661 | Lair:1   | Noticed a five-headed hydra
 16672 | Lair:1   | Killed a five-headed hydra
 16672 | Lair:1   | Reached XP level 13. HP: 83/83 MP: 19/19
 17375 | Lair:2   | Found a staircase to the Snake Pit.
 19248 | Lair:3   | Identified a scroll of acquirement
 19329 | Lair:4   | Reached skill level 11 in Fighting
 19500 | Lair:4   | Found a staircase to the Shoals.
 21037 | Lair:5   | Gained mutation: Your large and strong wings let you fly
                  | indefinitely. [Gargoyle growth]
 21037 | Lair:5   | Reached XP level 14. HP: 90/90 MP: 20/20
 21663 | Lair:5   | Upgraded the game from 0.23-a0-435-g79ed067 to
                  | 0.23-a0-436-g57debff
 21674 | Lair:6   | Entered Level 6 of the Lair of Beasts
 21799 | Lair:6   | Got a jewelled ring mail
 21816 | Lair:6   | Identified the +4 ring mail "Jaejet" {rC+} (You found it on
                  | level 6 of the Lair of Beasts)
 22436 | Lair:5   | Reached skill level 12 in Fighting
 22751 | Lair:6   | Noticed a dire elephant
 22788 | Lair:6   | Killed a dire elephant
 22830 | Lair:6   | Found a staircase to the Slime Pits.
 23142 | Lair:6   | Reached ****** piety under Makhleb
 23291 | Lair:6   | Found a burning altar of Makhleb.
 23518 | Lair:6   | Found a gateway to Hell.
 23987 | Orc:1    | Entered Level 1 of the Orcish Mines
 23987 | Orc:1    | Noticed Nergalle
 23987 | Orc:1    | Noticed Fannar
 24009 | D:12     | Killed Nergalle
 24074 | Orc:1    | Killed Fannar
 24255 | Orc:2    | Entered Level 2 of the Orcish Mines
 24327 | Orc:1    | Reached XP level 15. HP: 89/97 MP: 21/21
 24722 | Orc:1    | Reached skill level 15 in Shields
 24954 | Orc:2    | Found Maumue's Weapon Boutique.
 24954 | Orc:2    | Found Sitaopes's Distillery.
 24954 | Orc:2    | Found Wiwauq's Weapon Shoppe.
 24954 | Orc:2    | Found Pusibyej's Weapon Shop.
 25003 | Orc:2    | Reached skill level 1 in Dodging
 25071 | Orc:2    | Bought a throwing net for 42 gold pieces
 25074 | Orc:2    | Bought a potion of curing for 51 gold pieces
 25074 | Orc:2    | Bought a potion of curing for 51 gold pieces
 25074 | Orc:2    | Bought a potion of invisibility for 136 gold pieces
 25203 | Orc:2    | Found a staircase to the Elven Halls.
 25216 | Orc:1    | Found Noiryaxu's Magic Scroll Shoppe.
 25290 | Orc:1    | Bought a scroll of teleportation for 36 gold pieces
 25290 | Orc:1    | Bought a scroll of brand weapon for 240 gold pieces
 25290 | Orc:1    | Bought a scroll of identify for 24 gold pieces
 25290 | Orc:1    | Bought a scroll of remove curse for 36 gold pieces
 25290 | Orc:1    | Bought a scroll of identify for 24 gold pieces
 25328 | Orc:2    | Bought a +4 morningstar of protection for 375 gold pieces
 25447 | Orc:2    | Reached skill level 13 in Fighting
 26254 | D:12     | Killed Noebliem's ghost
 26355 | D:10     | Killed Noname's ghost
 27224 | D:13     | Reached XP level 16. HP: 104/104 MP: 23/23
 27235 | D:13     | Reached skill level 10 in Invocations
 27317 | D:13     | Found a gate to the Vaults.
 27591 | D:14     | Noticed Josephine
 27641 | D:14     | Killed Josephine
 28169 | D:15     | Entered Level 15 of the Dungeon
 28382 | D:15     | Reached skill level 15 in Maces & Flails
 29394 | D:15     | Found a staircase to the Depths.
 29688 | Snake:1  | Entered Level 1 of the Snake Pit
 31237 | Snake:2  | Reached skill level 14 in Fighting
 31261 | Snake:2  | Noticed Kirke
 31365 | Snake:2  | Killed Kirke
 31621 | Snake:2  | Reached XP level 17. HP: 100/111 MP: 25/25
 32409 | Snake:3  | Reached skill level 5 in Dodging
 33247 | Snake:4  | Entered Level 4 of the Snake Pit
 34214 | Snake:4  | Found Eepy's Eclectic Emporium.
 34227 | Snake:4  | Bought a scroll of enchant weapon for 142 gold pieces
 34227 | Snake:4  | Bought a scroll of enchant armour for 142 gold pieces
 35297 | Snake:4  | Reached skill level 15 in Armour
 35480 | Snake:4  | Reached skill level 15 in Fighting
 35764 | Snake:4  | Reached XP level 18. HP: 42/119 MP: 27/27
 36265 | Snake:4  | Got a serpentine rune of Zot
 36550 | Shoals:1 | Entered Level 1 of the Shoals
 36894 | Shoals:1 | Found Erosapto's Food Shoppe.
 37056 | Shoals:1 | Found Sosaupn's Distillery.
 37087 | Shoals:1 | Bought a potion of curing for 51 gold pieces
 37087 | Shoals:1 | Bought a potion of curing for 51 gold pieces
 37087 | Shoals:1 | Bought a potion of heal wounds for 85 gold pieces
 37304 | Shoals:1 | Found Heapa's Gadget Emporium.
 37345 | Shoals:1 | Found Antiniel's Distillery.
 37374 | Shoals:1 | Bought a potion of curing for 36 gold pieces
 37374 | Shoals:1 | Bought a potion of curing for 36 gold pieces
 37374 | Shoals:1 | Bought a potion of curing for 36 gold pieces
 37514 | Shoals:2 | Found a bloodstained altar of Trog.
 38245 | Shoals:3 | Reached skill level 16 in Fighting
 39649 | Shoals:4 | Entered Level 4 of the Shoals
 39854 | Shoals:4 | Reached skill level 1 in Crossbows
 40351 | Shoals:4 | Reached XP level 19. HP: 127/127 MP: 28/28
 40874 | Shoals:4 | Got a barnacled rune of Zot
 41567 | Vaults:1 | Entered Level 1 of the Vaults
 41653 | Vaults:1 | Reached skill level 17 in Fighting
 42037 | Vaults:1 | Noticed Rupert
 42072 | Vaults:1 | Paralysed by Rupert for 5 turns
 42079 | Vaults:1 | Killed Rupert
 42133 | Vaults:1 | Paralysed by a vampire knight for 3 turns
 42166 | Vaults:1 | HP: 3/128 [acid (14)]
 42169 | Vaults:1 | HP: 1/128 [acid (5)]
 42170 | Vaults:1 | Killed from afar by a battlesphere

Vault maps used:
D:1:      minmay_arrival_stair_chambers, kennysheep_decorative_pillar
D:2:      kennysheep_big_flooded_room, lemuel_doored_altar
D:3:      gammafunk_temple_overflow_pools, gammafunk_ghost_necromancy
D:4:      uniq_crazy_yiuf_cottage
D:5:      first_ration, st_stairs_3
D:6:      kennysheep_mini, nicolae_overflow_hidden_temple,
          kennysheep_okawaru_gauntlet, trog_wizard
D:7:      minmay_temple_entry_overgrown, grunt_ogre_cave,
          fedhas_bush_and_centaur_altar, uniq_prince_ribbit1, uniq_joseph
D:8:      grunt_qazlal_clouds, erik_lair_orcish_takeover, uniq_pikel
D:9:      chequers_temple_overflow_statue_of_worship, zin_purify,
          minmay_misc_feat_tiny, grunt_dithmenos_smoke
D:10:     hellmonk_ghost_happy_afterlife
D:11:     chequers_decorated_corner, hangedman_corner_corridor, uniq_harold
D:12:     kennysheep_orc_monster_closet_entryway, ebering_ghost_rock_garden
D:13:     hangedman_vaults_entry_quadrant_bands, corexii_checkpoint_a
D:14:     serial_rivers, chequers_serial_rivers_micro_d,
          chequers_serial_rivers_micro_b, chequers_serial_rivers_small_a,
          chequers_serial_rivers_small_3, chequers_serial_rivers_small_a,
          chequers_serial_rivers_room_b, uniq_josephine
D:15:     gammafunk_enter_depths_forms, hangedman_abyss_or_decor_lesser_grid
Temple:   nicolae_temple_hex_pool
Lair:1:   minivault_11, st_stairs_12
Lair:2:   beast_lair_carwin_large_3, dummy_snake_entry, st_stairs_8,
          serial_bayou_shore_b
Lair:4:   elwin_shoals_entry_rocks, minmay_lindwurm_lava
Lair:5:   lemuel_fruit_tree, serial_bayou_shore_a, serial_bayou_shore_b,
          serial_bayou_shore_b
Lair:6:   evil_forest, slime_dummy
Shoals:1: serial_shops, nicolae_shop_trees, shop, shop_fountains,
          shop_fountains, st_cyclops
Shoals:2: lemuel_oklob_altar
Shoals:4: shoals_end_hangedman, nicolae_shoals_aquamancer_cove
Snake:1:  serial_bayou_shore_b, grunt_megastairs_3
Snake:2:  uniq_kirke
Snake:3:  eino_curves_02
Snake:4:  johnstein_snake_rune_scales, nicolae_alphabet_shops
Orc:1:    serial_shops, shop, guppyfry_library_mini, uniq_nergalle, uniq_fannar
Orc:2:    st_orc_ogre_mass
Vaults:1: sword_in_stone, nicolae_vaults_network_square,
          vaults_mumra_chevron_long, nicolae_vaults_triangles,
          vaults_dpeg_cross, ontoclasm_vaults_ring_square,
          nicolae_vaults_diagonal_hallway_9, ontoclasm_vaults_pinch,
          vaults_room_corners, vaults_room_pool

Skill      XL: |  1  2  3  4  5  6  7  8  9 10 11 12 13 14 15 16 17 18 19 |
---------------+----------------------------------------------------------+-----
Maces & Flails | 3 4 5 7 8 10 11 12 13 14 15 16 | 16.8
Fighting       | 4 5 6 7 8 9 10 11 12 13 14 15 16 17 | 17.3
Armour         | 4 5 6 7 8 9 10 11 12 13 14 15 16 | 16.5
Shields        | 4 5 6 7 8 9 10 12 14 15 | 15.0
Invocations    | 2 4 5 7 8 9 11 12 | 12.0
Dodging        | 2 4 7 8 9 |  9.0
Crossbows      | 2 4 |  4.1

Action                   |  1- 3 |  4- 6 |  7- 9 | 10-12 | 13-15 | 16-18 | 19-21 || total
-------------------------+-------+-------+-------+-------+-------+-------+-------++-------
Melee: Flail             |   140 |   308 |   429 |   177 |       |       |       ||  1054
       Whip              |       |       |       |  1118 |  1694 |       |       ||  2812
       Morningstar       |       |       |       |       |   381 |  2093 |   394 ||  2868
Invok: Minor Destruction |       |       |       |     1 |     6 |     6 |       ||    13
       Lesser Servant of |       |       |       |       |       |     1 |       ||     1
 Abil: Fly               |       |       |       |       |     1 |       |       ||     1
       Stop Flying       |       |       |       |       |       |       |     1 ||     1
Evoke: Wand              |       |       |       |       |     2 |       |       ||     2
  Use: Scroll            |       |     3 |     8 |     8 |    12 |    11 |     1 ||    43
       Potion            |       |       |     1 |     2 |       |     7 |     6 ||    16
 Stab: Confused          |       |       |       |       |       |     1 |       ||     1
  Eat: Chunk             |     2 |     9 |    29 |    38 |    35 |    44 |     7 ||   164
Armor: Scale mail        |    54 |   112 |       |       |       |       |       ||   166
       Plate armour      |       |   187 |   246 |   646 |   944 |  1586 |   234 ||  3843
Dodge: Dodged            |    35 |   118 |    77 |   184 |   331 |   771 |   125 ||  1641
Block: Shield            |    82 |   284 |   196 |   617 |  1227 |  1881 |   291 ||  4578
       Reflection        |       |       |       |     1 |    19 |   194 |    14 ||   228

Table legend:
 A = Non-vault XP
 B = Vault XP
 C = Vault XP percentage of total XP
 D = Non-vault monster count
 E = Vault monster count
 F = Vault count percentage of total count
                 A         B        C        D         E       F
            +---------+---------+-------+---------+---------+-------
      Total |  225570 |  134633 |  37.4 |     842 |     294 |  25.9
            +---------+---------+-------+---------+---------+-------
        D:1 |      46 |       0 |   0.0 |      19 |       0 |   0.0
        D:2 |     144 |       4 |   2.7 |      33 |       2 |   5.7
        D:3 |     227 |     333 |  59.5 |      20 |       4 |  16.7
        D:4 |     294 |      41 |  12.2 |      12 |       1 |   7.7
        D:5 |     714 |      90 |  11.2 |      21 |       3 |  12.5
        D:6 |    1288 |       0 |   0.0 |      14 |       0 |   0.0
        D:7 |     748 |    1276 |  63.0 |      13 |       6 |  31.6
        D:8 |    1520 |     898 |  37.1 |      37 |       7 |  15.9
        D:9 |    1467 |       0 |   0.0 |      20 |       0 |   0.0
       D:10 |    3381 |    2235 |  39.8 |      30 |       4 |  11.8
       D:11 |    6754 |    1040 |  13.3 |      46 |       6 |  11.5
       D:12 |    6771 |    3014 |  30.8 |      39 |      22 |  36.1
       D:13 |   11859 |    8291 |  41.1 |      56 |      20 |  26.3
       D:14 |    5982 |    2110 |  26.1 |      16 |       6 |  27.3
       D:15 |   12911 |    3470 |  21.2 |      32 |       8 |  20.0
     Lair:1 |    5920 |       0 |   0.0 |      23 |       0 |   0.0
     Lair:2 |    4470 |    2307 |  34.0 |      23 |      11 |  32.4
     Lair:3 |    1655 |       0 |   0.0 |      10 |       0 |   0.0
     Lair:4 |    5383 |    2595 |  32.5 |      22 |       4 |  15.4
     Lair:5 |   14916 |       0 |   0.0 |      33 |       0 |   0.0
     Lair:6 |    6432 |   11234 |  63.6 |      22 |      25 |  53.2
   Shoals:1 |   12159 |    5071 |  29.4 |      24 |       8 |  25.0
   Shoals:2 |   10678 |     527 |   4.7 |      26 |       1 |   3.7
   Shoals:3 |   18360 |       0 |   0.0 |      37 |       0 |   0.0
   Shoals:4 |    9605 |   23681 |  71.1 |      19 |      35 |  64.8
    Snake:1 |   15395 |    2553 |  14.2 |      28 |       7 |  20.0
    Snake:2 |    9190 |    2155 |  19.0 |      20 |       1 |   4.8
    Snake:3 |   10708 |       0 |   0.0 |      18 |       0 |   0.0
    Snake:4 |   19128 |   34359 |  64.2 |      30 |      60 |  66.7
      Orc:1 |    2925 |   14092 |  82.8 |      46 |      33 |  41.8
      Orc:2 |     921 |    8187 |  89.9 |       8 |      15 |  65.2
   Vaults:1 |   23619 |    5070 |  17.7 |      45 |       5 |  10.0
            +---------+---------+-------+---------+---------+-------
